 Dungeon Crawl Stone Soup version 0.16.1-30-g34a7ffa (webtiles) character file.

2764 Jb9000 the Sneak (level 9, -1/68 HPs)
             Began as a Demonspawn Abyssal Knight on June 22, 2015.
             Was a High Priest of Lugonu.
             Slain by Krapule's ghost (17 damage)
             ... on level 8 of the Dungeon.
             The game lasted 01:23:28 (8174 turns).

Jb9000 the Sneak (Demonspawn Abyssal Knight)        Turns: 8174, Time: 01:23:30

Health: -1/68      AC:  9    Str: 21    XL:     9   Next: 42%
Magic:  0/16       EV: 27    Int: 14    God:    Lugonu [*****.]
Gold:   377        SH:  3    Dex: 19    Spells: 2 memorised, 6 levels left

rFire  + . .     SeeInvis .     a - +3 falchion
rCold  . . .     Clarity  .     p - +2 robe "Toehoela" {-Tele rF+ Regen+ Str+2}
rNeg   . . .     SustAb   .     (no shield)
rPois  .         Gourm    .     (no helmet)
rElec  .         Spirit   +     (no cloak)
rCorr  +         Warding  .     P - +1 pair of gloves
rMut   .         NoTele   +     (no boots)
MR     .....                    v - amulet of resist corrosion
Stlth  ++++......               m - +3 ring of slaying
                                H - +6 ring of evasion

@: mighty, agile, not resistant to hostile enchantments, stealthy
A: hooves 1, large bone plates 2, powered by pain 1, magic shield
a: Depart the Abyss, Bend Space, Banish, Corrupt, Enter the Abyss, Renounce
Religion


You were on level 8 of the Dungeon.
You worshipped Lugonu.
Lugonu was extremely pleased with you.
You were not hungry.

You visited 1 branch of the dungeon, and saw 8 of its levels.
You visited the Abyss 1 time.
You also visited: Sewer.

You collected 377 gold pieces.

Inventory:

Hand weapons
 a - a +3 falchion (weapon)
 e - a +0 blowgun
 K - a +0 shortbow
 S - a +1 dagger
Missiles
 j - 67 poisoned needles
 A - a throwing net
 M - 6 tomahawks (quivered)
 N - 5 poisoned arrows
Armour
 g - a +0 chain mail of poison resistance
 p - the +2 robe "Toehoela" (worn) {-Tele rF+ Regen+ Str+2}
   (You found it in a sewer)

   It affects your strength (+2).
   It protects you from fire.
   It prevents most forms of teleportation.
   It increases your rate of regeneration.
 C - a +3 leather armour of cold resistance
 G - a +2 plate armour
 L - a +2 leather armour of fire resistance
 P - a +1 pair of gloves (worn)
Jewellery
 b - an uncursed ring of fire
 d - an uncursed ring of protection from cold
 m - a +3 ring of slaying (right hand)
 r - an uncursed ring of protection from fire
 v - an amulet of resist corrosion (around neck)
 B - an uncursed ring of sustain abilities
 D - an uncursed ring of positive energy
 H - a +6 ring of evasion (left hand)
 I - an uncursed amulet of rage
 J - an uncursed ring of protection from magic
Magical devices
 U - a wand of fire (2)
Scrolls
 i - 3 scrolls of teleportation
 l - a scroll of fog
 n - 3 scrolls of fear
 o - 2 scrolls of identify
 u - 3 scrolls of remove curse
 x - 2 scrolls of amnesia
 E - 2 scrolls of magic mapping
Potions
 k - a potion of cure mutation
 s - a potion of agility
 t - a potion of restore abilities
 w - 2 potions of flight
 F - a potion of resistance
 O - 2 potions of might
 Q - a potion of brilliance {unknown}
 R - a potion of invisibility {unknown}
Books
 y - a book of the Dragon

   Spells                             Type                      Level
   a - Flight                         Charms/Air                   3
   b - Cause Fear                     Hexes                        4
   c - Bolt of Fire                   Conjuration/Fire             6
   d - Dragon Form                    Transmutation                7
   e - Dragon's Call                  Summoning                    9
 V - a book of the Sky

   Spells                             Type                      Level
   a - Flight                         Charms/Air                   3
   b - Airstrike                      Air                          4
   c - Silence                        Hexes/Air                    5
   d - Deflect Missiles               Charms/Air                   6
   e - Conjure Ball Lightning         Conjuration/Air              6
   f - Tornado                        Air                          9
Comestibles
 c - 4 bread rations
 z - 6 meat rations


   Skills:
 + Level 5.4 Fighting
 + Level 4.4 Long Blades
 + Level 3.5 Throwing
 + Level 4.4 Armour
 * Level 5.5 Dodging
 * Level 5.7 Stealth
 * Level 2.6 Spellcasting
 + Level 2.1 Hexes
 - Level 2.4 Invocations


You had 6 spell levels left.
You knew the following spells:

 Your Spells              Type           Power        Failure   Level  Hunger
a - Cause Fear            Hex            #.........   89%         4    #####..
b - Flight                Chrm/Air       #.........   73%         3    ###....


Dungeon Overview and Level Annotations

Branches:
Dungeon (8/15)             Temple (0/1) D:4
   Lair: D:8-11

Altars:
Ashenzari
Dithmenos
Fedhas
Makhleb
Okawaru
Qazlal

Annotations:
D:5 corrupted
D:7 corrupted
D:8 Krapule's ghost, experienced MiGl


Innate Abilities, Weirdness & Mutations

You have large cloven feet.
You are mostly covered in large bone plates (AC +3, SH +3).
You sometimes gain a little power by taking damage.
When hurt, damage is shared between your health and your magic reserves.


Message History

You feel better. You block Krapule's ghost's attack.
Drink which item? (? for menu, Esc to quit)
It was a potion of restore abilities.
You feel refreshed.
Krapule's ghost screams, "You will join me soon!"
Krapule's ghost barely misses you.
Use which ability? (? or * to list) Space bends around you!
You blink.
* * * LOW HITPOINT WARNING * * *
You feel slightly more hungry.
Krapule's ghost shrieks, "You must not succeed where I failed!"
A crimson imp comes into view.
Take off which item? (? for menu, Esc to quit)
Keep disrobing?
The crimson imp moves out of view.
You start removing your armour.
You continue taking off the +2 robe "Toehoela" {-Tele rF+ Regen+ Str+2}.
Krapule's ghost misses you.
You continue taking off the +2 robe "Toehoela" {-Tele rF+ Regen+ Str+2}.
Krapule's ghost hits you!!
You die...

.#....+ .#....# ##..###
######
##..###+#####....##
.......[..#.......#
..........#.......#
..........#.......#
..........+.......#
..........#.....@########
+#####...###.§.§W##.....#
..####..)###.§§§.##§....#
...#.....)...§§§§§§§....#
...#.........§.§§§§§....#
...#...........§§§......#
...#....................#
...+....................#
...#....................#


You could see Krapule's ghost.

Vanquished Creatures
  The ghost of Razmath the Ducker, an average SpAK of Lugonu (Sewer)
  The ghost of Krapule the Twirler, an average MiGl (D:5)
  Eustachio (D:5)
  3 ogres
  2 orc warriors
  2 black bears
  A phantom (D:6)
  A centaur (D:5)
  A big kobold (Sewer)
  A giant frog (D:8)
  4 scorpions
  A wight (D:7)
  A giant frog skeleton (D:7)
  2 orc priests
  4 crimson imps
  A centaur skeleton (D:5)
  A gnoll shaman (D:6)
  3 hounds
  3 orc wizards
  8 worker ants
  3 iguanas
  12 gnolls
  8 river rats
  9 adders
  A shadow imp (D:4)
  A white imp (D:5)
  A giant mite (D:6)
  A worm (D:3)
  3 adder zombies
  An adder skeleton (D:4)
  A giant gecko (D:3)
  An ooze (Sewer)
  22 orcs
  A bat skeleton (D:4)
  7 giant cockroaches
  16 goblins
  12 hobgoblins
  A quokka (D:4)
  8 ball pythons
  14 bats
  7 giant newts
  6 jackals
  A jackal zombie (D:6)
  22 kobolds
  2 quokka skeletons
  28 rats
  A fungus (D:6)
232 creatures vanquished.

Vanquished Creatures (others)
  2 orc warriors (D:7)
  2 wights (D:7)
  A hound (D:5)
  An adder (D:5)
  6 orcs (D:7)
  6 starspawn tentacles
  55 starspawn tentacle segments
73 creatures vanquished.

Grand Total: 305 creatures vanquished

Notes
Turn   | Place    | Note
--------------------------------------------------------------
     0 | Abyss:1  | Jb9000, the Demonspawn Abyssal Knight, began the quest for the Orb.
     0 | Abyss:1  | Reached XP level 1. HP: 18/18 MP: 1/1
    12 | D:1      | Escaped the Abyss
    69 | D:1      | Reached skill level 1 in Dodging
   504 | D:1      | Gained mutation: You have large cloven feet. [demonic ancestry]
   504 | D:1      | Reached XP level 2. HP: 14/24 MP: 2/2
  1092 | D:1      | Acquired Lugonu's second power
  1381 | D:2      | Found a burning altar of Makhleb.
  1405 | D:2      | Gained mutation: When hurt, damage is shared between your health and your magic reserves. [demonic ancestry]
  1405 | D:2      | Reached XP level 3. HP: 27/29 MP: 4/4
  2458 | D:3      | Reached skill level 1 in Stealth
  2458 | D:3      | Reached XP level 4. HP: 24/37 MP: 5/5
  2728 | D:3      | Found a glowing drain.
  2744 | D:3      | Acquired Lugonu's third power
  2771 | Sewer    | Entered a sewer
  2816 | Sewer    | Noticed Razmath's ghost (average SpAK)
  2871 | Sewer    | Killed Razmath's ghost
  2871 | Sewer    | Reached skill level 4 in Fighting
  2871 | Sewer    | Reached skill level 1 in Throwing
  2871 | Sewer    | Gained mutation: You sometimes gain a little power by taking damage. [demonic ancestry]
  2871 | Sewer    | Reached XP level 5. HP: 42/42 MP: 6/6
  2874 | Sewer    | Reached XP level 6. HP: 48/48 MP: 8/8
  2910 | Sewer    | Acquired Lugonu's fourth power
  2933 | Sewer    | Got a silken robe
  2945 | Sewer    | Identified the +2 robe "Toehoela" {-Tele rF+ Regen+ Str+2} (You found it in a sewer)
  3150 | Sewer    | Noticed a big kobold
  3162 | Sewer    | Killed a big kobold
  3851 | D:4      | Found a staircase to the Ecumenical Temple.
  3921 | D:4      | Acquired Lugonu's fifth power
  3982 | D:4      | Found a shadowy altar of Dithmenos.
  4249 | D:5      | Entered Level 5 of the Dungeon
  4290 | D:5      | Gained mutation: You are partially covered in large bone plates (AC +2, SH +2). [demonic ancestry]
  4290 | D:5      | Reached XP level 7. HP: 38/55 MP: 4/9
  4518 | D:5      | Found a stormy altar of Qazlal.
  4550 | D:5      | You fall through a shaft for 2 floors!
  4581 | D:7      | Found an iron altar of Okawaru.
  4738 | D:6      | Gained mutation: You are mostly covered in large bone plates (AC +3, SH +3). [demonic ancestry]
  4738 | D:6      | Reached XP level 8. HP: 61/61 MP: 10/10
  5005 | D:6      | Found a blossoming altar of Fedhas.
  5014 | D:6      | Found a stormy altar of Qazlal.
  5198 | D:6      | Reached skill level 5 in Fighting
  5326 | D:6      | Learned a level 4 spell: Cause Fear
  5664 | D:5      | Corrupted D:5
  5664 | D:5      | Noticed a large abomination
  5671 | D:5      | Noticed a great orb of eyes
  5938 | D:5      | Noticed Eustachio
  5958 | D:5      | Killed Eustachio
  5958 | D:5      | Reached skill level 5 in Stealth
  6100 | D:5      | Reached skill level 1 in Spellcasting
  6150 | D:5      | Reached skill level 1 in Hexes
  6219 | D:5      | Noticed Krapule's ghost (average MiGl)
  6246 | D:5      | Killed Krapule's ghost
  6306 | D:5      | Reached skill level 5 in Dodging
  6308 | D:5      | Reached XP level 9. HP: 60/68 MP: 10/12
  6903 | D:7      | Corrupted D:7
  6903 | D:7      | Noticed a worldbinder
  6903 | D:7      | Noticed a hellwing
  6903 | D:7      | Noticed a thrashing horror
  6903 | D:7      | Noticed a thrashing horror
  6903 | D:7      | Noticed a tentacled starspawn
  6903 | D:7      | Noticed a starcursed mass
  6903 | D:7      | Noticed a tentacled starspawn
  6903 | D:7      | Noticed a tentacled starspawn
  6903 | D:7      | Noticed an efreet
  6903 | D:7      | Noticed a rakshasa
  6903 | D:7      | Noticed a large abomination
  6903 | D:7      | Noticed a starcursed mass
  6907 | D:7      | Noticed a dire elephant zombie
  7759 | D:8      | Found a shattered altar of Ashenzari.
  7972 | D:8      | Noticed Krapule's ghost (experienced MiGl)
  8098 | D:8      | Learned a level 3 spell: Flight
  8166 | D:8      | HP: 3/68 [Krapule's ghost (9)]
  8174 | D:8      | Slain by Krapule's ghost

Action                   |  1- 3 |  4- 6 |  7- 9 || total
-------------------------+-------+-------+-------++-------
Melee: Falchion          |   167 |   165 |   322 ||   654
 Fire: Blowgun           |       |    22 |   196 ||   218
Throw: Tomahawk          |    10 |     7 |    31 ||    48
       Throwing net      |       |       |     1 ||     1
Invok: Bend Space        |       |     1 |     2 ||     3
       Banish            |       |       |     2 ||     2
       Corrupt           |       |       |     2 ||     2
Evoke: Wand              |       |       |     2 ||     2
  Use: Scroll            |     6 |     3 |    11 ||    20
       Potion            |       |     9 |    13 ||    22
 Stab: Sleeping          |       |     5 |    21 ||    26
       Distracted        |       |       |     4 ||     4
  Eat: Fruit             |     3 |       |       ||     3
       Chunk             |     3 |     2 |     3 ||     8
       Meat ration       |       |     1 |       ||     1
       Beef jerky        |       |       |     2 ||     2
       Bread ration      |       |       |     2 ||     2
